 Dungeon Crawl Stone Soup version 0.20-a0-792-g09bcfd3 (webtiles) character file.

49 Gorice the Sneak (level 4, 0/25 HPs)
             Began as a Kobold Wanderer on Feb 28, 2017.
             Slain by an orc
             ... wielding a +0 flail
              (9 damage)
             ... on level 2 of the Dungeon.
             The game lasted 00:07:36 (1652 turns).

Gorice the Sneak (Kobold Wanderer)                  Turns: 1652, Time: 00:07:36

Health: 0/25       AC:  5    Str: 12    XL:     4   Next: 1%
Magic:  4/4        EV: 12    Int: 11    God:
Gold:   104        SH:  0    Dex: 14    Spells: 3/3 levels left

rFire    . . .     SeeInvis .   a - +0 quarterstaff
rCold    . . .     Gourm    .   o - +0 ring mail
rNeg     . . .     Faith    .   (shield currently unavailable)
rPois    .         Spirit   .   (no helmet)
rElec    .         Reflect  .   (no cloak)
rCorr    .         Harm     .   (no gloves)
MR       .....                  (no boots)
Stlth    ++........             (no amulet)
Regen    0.1/turn               (no ring)
MPRegen  0.1/turn               (no ring)

@: no status effects
A: carnivore 3
a: no special abilities


You were on level 2 of the Dungeon.
You were completely stuffed.

You visited 1 branch of the dungeon, and saw 3 of its levels.

You collected 104 gold pieces.

Inventory:

Hand Weapons
 a - a +0 quarterstaff (weapon)
 b - a +0 hand crossbow
 d - a +3 short sword of draining
   (You took it off a kobold on level 2 of the Dungeon)
 f - a +1 short sword of flaming
   (You took it off a kobold on level 2 of the Dungeon)
 g - a +0 dagger
Missiles
 e - 21 bolts
 m - 8 poisoned needles
 n - 2 tomahawks (quivered)
 Y - a throwing net
 Z - 21 stones
Armour
 o - a +0 ring mail (worn)
 t - a +0 robe
Scrolls
 i - a scroll of teleportation {!r}
 j - 3 scrolls of remove curse
Potions
 c - 2 potions of haste {!q}
 l - a potion of ambrosia
 q - a potion of curing {unknown}
 r - a potion of flight {unknown}
 s - a potion of agility {!q}
Comestibles
 h - 2 meat rations {!e}
 k - 4 chunks of flesh


   Skills:
 - Level 1.1 Fighting
 * Level 2.3 Staves
 + Level 3.3 Crossbows
 - Level 1.0 Armour
 - Level 1.2 Dodging
 - Level 4.0 Stealth
 - Level 1.0 Unarmed Combat
   Level 1.2 Evocations


You had 3 spell levels left.
You didn't know any spells.

Dungeon Overview and Level Annotations

Branches:
Dungeon (3/15)

Altars:


Innate Abilities, Weirdness & Mutations

You are small and have problems with some larger weapons.
You are carnivorous and can eat meat at any time.


Message History

Quivering
n - a tomahawk for throwing.
n - 2 tomahawks (gained 1)
There is a stone staircase leading down here.
You start resting.
Eating one of 6 chunks of flesh.
You eat one of the 6 chunks of flesh.
This raw flesh tastes great.
Eating one of 5 chunks of flesh.
You eat one of the 5 chunks of flesh.
This raw flesh tastes great.
HP restored.
You climb downwards.
The orc hits you but does no damage. The orc barely misses you.
There is a stone staircase leading up here.
Unknown command.
The orc hits you with a hand axe! The orc closely misses you.
You climb upwards.
There is a stone staircase leading down here.
Damage: 8 (max 8) Unknown command.
The orc barely misses you.
Items here: ) [ รทรท a leather armour; a dagger; an orc skeleton x2
You hit the orc.
The orc is severely wounded.
The orc barely misses you.
You barely miss the orc.
The orc is severely wounded.
The orc closely misses you.
You hit the orc.
The orc is almost dead.
The orc barely misses you.
You barely miss the orc.
The orc is almost dead.
The orc barely misses you.
You barely miss the orc.
The orc is severely wounded.
The orc closely misses you.
You hit the orc but do no damage.
The orc is severely wounded.
The orc closely misses you.
You sock the orc!
You kill the orc!
You have reached level 4!
The orc hits you with a flail!
* * * LOW HITPOINT WARNING * * *
Damage: 5 (max 8)
You are too injured to fight recklessly!
You closely miss the orc. The orc misses you.
You hit the orc.
The orc is lightly wounded.
The orc hits you with a flail!
You die...

##......# #...... ##.......##
####...... #.........# #.........
#.........# #.....>...
#.........###### #.........
#..............# #######...
#..............# ####........
##.)...........#######....#......
#..............o@......####......
#..............##......####......
#..............#######....#......
#..............# ####........
#..............# ###......
##.......####### #......
##>)...## #...... ####### #......
#######


You could see an orc.

Vanquished Creatures
  An adder (D:2)
  An ooze (D:1)
  A dart slug (D:2)
  A leopard gecko (D:1)
  3 orcs (D:2)
  4 goblins
  4 hobgoblins (D:1)
  7 kobolds
  2 ball pythons
  2 bats
  2 frilled lizards (D:1)
28 creatures vanquished.

Notes
Turn   | Place    | Note
-------+----------+-------------------------------------------
     0 | D:1      | Gorice the Kobold Wanderer began the quest for the Orb.
     0 | D:1      | Gorice set off with: a potion of haste {!q}, a potion of berserk rage, a +0 quarterstaff, a +0 hand crossbow, 29 bolts, a +0 robe, a +0 dagger, a meat ration {!e}
     0 | D:1      | Reached XP level 1. HP: 12/12 MP: 1/1
   239 | D:1      | Reached skill level 1 in Staves
   239 | D:1      | Reached XP level 2. HP: 16/16 MP: 2/2
   732 | D:1      | Reached skill level 3 in Crossbows
   755 | D:1      | Reached XP level 3. HP: 18/20 MP: 3/3
  1053 | D:2      | HP: 9/30 [adder (3)]
  1055 | D:2      | Reached skill level 2 in Staves
  1058 | D:2      | HP: 8/30 [poisoned by an adder]
  1065 | D:2      | HP: 3/20 [poisoned by an adder]
  1070 | D:2      | HP: 2/20 [poisoned by an adder]
  1650 | D:2      | Reached XP level 4. HP: 16/25 MP: 4/4
  1652 | D:2      | Slain by an orc

Vault maps used:
D:1:      dpeg_arrival_renting, hangedman_decor_lopped

Skill      XL: |  1  2  3 |
---------------+----------+-----
Staves         | 1 2 |  2.3
Crossbows      | 3 |  3.3
Fighting       | |  1.1
Armour         | |  1.0
Dodging        | |  1.2
Stealth        | |  4.0
Unarmed Combat | |  1.0
Evocations     | |  1.2

Action                   |  1- 3 |  4- 6 || total
-------------------------+-------+-------++-------
Melee: Quarterstaff      |    46 |     2 ||    48
 Fire: Hand crossbow     |    36 |       ||    36
  Use: Scroll            |     6 |       ||     6
       Potion            |     1 |       ||     1
  Eat: Chunk             |    11 |       ||    11
Armor: Ring mail         |    12 |       ||    12
       Robe              |     1 |       ||     1
Dodge: Dodged            |    48 |     1 ||    49

Table legend:
 A = Turns spent in this place as a percentage of turns spent in the entire game.
 B = Non-inter-level travel turns spent in this place as a percentage of non-inter-level travel turns spent in the entire game.
 C = Inter-level travel turns spent in this place as a percentage of turns spent in this place.
 D = Turns resting spent in this place as a percentage of non-inter-level travel turns spent in this place.
 E = Turns spent auto-exploring this place as a percentage of non-inter-level travel turns spent in this place.
 F = Non-inter-level travel turns spent in this place divided by the number of levels of this place that you've seen.
                   A       B       C       D       E      F
               +-------+-------+-------+-------+-------+----------------------
         Total | 100.0 | 100.0 |   0.4 |   2.7 |   6.0 | 173.7
       Dungeon | 100.0 | 100.0 |   0.4 |   2.7 |   6.0 | 173.7
               +-------+-------+-------+-------+-------+----------------------

Vault maps used:
D:1:      dpeg_arrival_renting, hangedman_decor_lopped
